Map: Dusk Towers

Players

DemiLove (Demi)

  • Race: Zerg Zerg

Kelazhur - Winner!

  • Race: Terran Terran
  • League: Grandmaster

VOD

Have the link to the VOD?

Description

Time

  • Played on: Dec. 20, 2015, 1:19 a.m.
  • Length: 12:12
Show
View Real Time Build Order
Export as new Build Order

DemiLove Zerg 

Build Orders: Hatch First 

Get SALT Encoding   

  12  0:01  Drone  
  13  0:12  Overlord  
  13  0:18  Drone  
  14  0:31  Drone  
  14  0:32  Drone  
  16  0:36  Drone  
  17  0:52  Hatchery  
  17  0:55  Drone  
  17  0:59  Drone  
  18  1:05  Extractor  
  18  1:07  Drone  
  18  1:17  Spawning Pool  
  17  1:19  Drone  
  18  1:29  Drone  
  19  1:39  Overlord  
  19  2:04  Queen x2  
  19  2:05  Zergling x2  
  19  2:06  Metabolic Boost  
  19  2:07  Drone  
  19  2:08  Drone  
  26  2:16  Drone x2  
  28  2:24  Drone  
  29  2:35  Hatchery  
  28  2:40  Drone x2  
  30  2:47  Queen  
  32  2:52  Overlord  
  32  2:56  Drone  
  32  2:57  Drone  
  34  2:59  Drone  
  35  3:05  Overlord  
  35  3:12  Drone x2  
  37  3:13  Drone x2  
  37  3:15  Drone  
  40  3:20  Drone x2  
  40  3:26  Queen  
  44  3:28  Drone x2  
  44  3:32  Drone x2  
  48  3:39  Roach Warren  
  48  3:41  Extractor  
  46  3:43  Drone x2  
  48  3:49  Queen  
  48  3:51  Drone x2  
  48  3:54  Overlord  
  52  4:02  Drone x2  
  54  4:03  Extractor  
  54  4:04  Overlord  
  54  4:08  Drone x2  
  55  4:19  Roach x4  
  63  4:25  Roach  
  63  4:26  Roach, Zergling x10  
  72  4:32  Spore Crawler  
  72  4:34  Overlord  
  60  4:57  Spore Crawler, Drone  
  60  4:58  Drone x10  
  70  5:03  Spore Crawler  
  69  5:09  Drone  
  69  5:10  Overlord  
  69  5:18  Lair  
  69  5:20  Drone x2  
  71  5:23  Drone  
  71  5:27  Drone  
  73  5:32  Evolution Chamber  
  73  5:33  Evolution Chamber  
  71  5:38  Drone  
  71  5:39  Drone x5  
  76  5:46  Drone x2  
  78  5:50  Drone x3  
  81  5:59  Drone, Extractor  
  81  6:01  Overlord x3  
  81  6:03  Extractor  
  77  6:05  Zerg Missile Weapons Level 1, Extractor  
  77  6:06  Zerg Ground Armor Level 1  
  76  6:12  Drone x3  
  76  6:15  Drone x2  
  76  6:17  Glial Reconstitution  
  81  6:20  Overseer  
  81  6:25  Overseer  
  81  6:32  Drone  
  82  6:33  Drone x4  
  82  6:34  Drone  
  87  6:40  Roach  
  87  6:41  Roach x3  
  92  6:53  Drone x3  
  93  6:55  Drone x4  
  93  7:00  Roach x5  
  105  7:04  Overlord x4  
  105  7:13  Hatchery  
  104  7:16  Ravager  
  105  7:23  Drone x3  
  105  7:24  Drone x3  
  105  7:25  Overlord  
  111  7:31  Roach  
  111  7:32  Roach x4  
  111  7:35  Ravager  
  111  7:36  Ravager x3  
  125  7:42  Roach x5  
  135  7:47  Overlord  
  135  7:48  Overlord  
  135  7:49  Overlord  
  135  7:54  Ravager x2  
  137  8:00  Pneumatized Carapace  
  137  8:09  Hatchery  
  133  8:15  Overlord x2, Hydralisk Den  
  132  8:25  Roach x5  
  132  8:26  Roach  
  142  8:37  Overlord x4  
  142  8:42  Roach x4  
  142  8:47  Ravager x2  
  152  8:52  Drone x2  
  152  8:53  Drone x2, Extractor  
  152  8:54  Drone x2  
  157  9:00  Hydralisk  
  157  9:01  Ravager  
  157  9:02  Ravager  
  161  9:05  Hydralisk  
  161  9:06  Hydralisk x3  
  169  9:10  Hydralisk  
  171  9:22  Drone x3  
  171  9:23  Drone, Queen  
  177  9:24  Hydralisk  
  177  9:25  Hydralisk x2  
  181  9:33  Roach x4  
  185  9:41  Roach x7  
  195  9:54  Roach  
  195  9:55  Roach x3  
  198  10:05  Hydralisk Den  
  198  10:06  Roach  
  198  10:07  Roach x3  
  197  10:22  Evolution Chamber  
  197  10:25  Evolution Chamber, Ravager x5  
  170  10:54  Roach  
  170  10:55  Roach x17  
  192  11:00  Ravager x2  
  192  11:01  Drone x4  
  192  11:02  Drone  
  199  11:07  Ravager  
  187  11:36  Roach x10  
Show
View Real Time Build Order
Export as new Build Order

Kelazhur Terran - Winner!

Build Orders: Command Center First (CC), Hellion Banshee, MMM Bio 

Get SALT Encoding   

  12  0:00  SCV  
  13  0:13  SCV  
  14  0:17  Supply Depot  
  14  0:25  SCV  
  15  0:39  SCV  
  16  0:51  SCV  
  17  0:59  Command Center  
  17  1:03  SCV  
  18  1:12  Barracks  
  18  1:15  SCV  
  19  1:22  Refinery  
  19  1:28  SCV  
  19  1:31  Refinery  
  20  1:40  SCV  
  21  1:52  SCV  
  22  1:59  Marine  
  23  2:04  Orbital Command  
  23  2:11  Orbital Command  
  23  2:18  Factory  
  23  2:19  Barracks Reactor  
  23  2:31  SCV  
  24  2:37  SCV  
  24  2:43  SCV  
  26  2:49  SCV  
  27  2:55  SCV  
  28  3:01  SCV  
  28  3:04  Supply Depot  
  29  3:07  SCV  
  29  3:08  Starport  
  29  3:11  Hellion x2  
  34  3:13  SCV  
  34  3:19  SCV  
  36  3:20  Barracks Tech Lab  
  36  3:25  SCV  
  37  3:30  Supply Depot  
  37  3:31  SCV  
  37  3:32  Hellion x2  
  42  3:38  SCV  
  43  3:43  SCV  
  44  3:52  SCV  
  44  3:53  Supply Depot  
  44  3:54  Hellion x2  
  51  3:55  SCV  
  50  4:04  SCV  
  50  4:05  Cloaking Field  
  50  4:06  Banshee  
  54  4:10  Supply Depot  
  54  4:15  SCV  
  55  4:17  Command Center  
  55  4:18  Barracks Tech Lab  
  55  4:20  SCV  
  56  4:27  SCV  
  56  4:30  Factory Reactor  
  57  4:31  Barracks  
  57  4:32  SCV  
  57  4:33  Barracks  
  58  4:39  SCV  
  58  4:42  Marauder  
  58  4:44  SCV  
  52  4:54  SCV  
  52  4:56  SCV  
  52  4:57  Refinery  
  52  4:58  Banshee, Refinery, Engineering Bay  
  55  5:00  Engineering Bay  
  55  5:05  Stimpack, Marine  
  55  5:06  SCV  
  57  5:08  SCV  
  58  5:18  SCV, Barracks  
  58  5:19  Bunker, Marine  
  58  5:20  SCV, Barracks, Marine  
  58  5:21  Factory Reactor  
  62  5:26  Marauder  
  64  5:30  Terran Infantry Weapons Level 1, SCV, Terran Infantry Armor Level 1  
  64  5:32  SCV  
  64  5:34  Orbital Command  
  66  5:38  Marine  
  66  5:39  Marine x3  
  70  5:43  SCV  
  70  5:44  SCV  
  72  5:54  Orbital Command  
  72  5:57  Supply Depot  
  72  5:58  Starport Reactor  
  72  5:59  Marine x5  
  72  6:00  Supply Depot  
  77  6:14  Barracks Reactor x2, Factory Reactor  
  77  6:15  Medivac x2  
  77  6:18  SCV x2, Marauder  
  85  6:21  SCV  
  86  6:30  SCV x2, Marine x2  
  86  6:31  Marine x2  
  86  6:32  Armory  
  92  6:33  SCV  
  92  6:34  Supply Depot  
  92  6:36  Supply Depot  
  92  6:39  Marine  
  94  6:45  Medivac x2  
  98  6:48  Marine x3  
  101  6:55  Marine  
  101  6:56  Marine x2  
  101  6:57  Marauder, Widow Mine x2, Marine  
  108  7:02  Supply Depot  
  108  7:03  Supply Depot  
  108  7:06  Combat Shields  
  108  7:13  Barracks  
  108  7:14  Barracks  
  108  7:15  Medivac x2  
  111  7:16  SCV x3, Barracks  
  111  7:18  Refinery, Marine x3  
  117  7:23  Marine x5  
  117  7:28  Supply Depot  
  117  7:29  Terran Infantry Weapons Level 2  
  122  7:30  Supply Depot, Terran Infantry Armor Level 2  
  122  7:32  Marine  
  123  7:44  Marine x8  
  123  7:50  Marine  
  132  7:56  Supply Depot  
  132  7:57  Medivac x2  
  140  8:00  Supply Depot, Marine  
  140  8:01  Supply Depot, Marine  
  140  8:02  Marine x3  
  140  8:04  Barracks Reactor x2  
  137  8:14  Marine x3  
  137  8:15  Factory, Marine  
  137  8:16  Marauder  
  137  8:19  Factory Tech Lab  
  143  8:26  Command Center, SCV x3  
  143  8:27  Refinery, Medivac  
  148  8:32  Marine  
  148  8:33  Marauder, Marine x7  
  155  8:37  Marine  
  155  8:46  Terran Vehicle Weapons Level 1  
  155  8:47  Supply Depot, Siege Tank  
  155  8:48  Medivac  
  160  8:50  Marine  
  160  8:51  Marine x3  
  160  8:53  SCV  
  165  8:56  Marauder x2, Marine x3  
  165  8:57  Marine  
  165  9:01  Factory Tech Lab, Marine x3  
  175  9:22  Marine, Marauder x2  
  177  9:26  Marine x5  
  177  9:27  Siege Tank x2  
  187  9:36  Medivac x2  
  170  9:48  Marauder x2, Marine x12  
  185  9:59  Siege Tank  
  180  10:05  Siege Tank  
  180  10:06  Marine x4  
  186  10:09  Marauder, Medivac  
  186  10:10  Marauder  
  186  10:21  Marine  
  186  10:22  Marine x5  
  192  10:31  Marauder x2  
  196  10:38  Missile Turret  
  196  10:42  Command Center  
  193  10:47  Marine  
  173  10:52  Marauder x2  
  173  10:56  Marine x2  
  173  10:57  Marine x2  
  171  11:13  Marine  
  171  11:14  Marauder  
  171  11:15  Siege Tank  
  171  11:16  Siege Tank  
  171  11:17  Marine x2  
  171  11:18  Marine x6  
  185  11:28  Marauder  
  185  11:33  Marine x4  
  185  11:35  Marauder  
  185  11:38  Marine x4  
  195  11:49  Marauder  
Tags
 
Add a new tag
Caveats
  • Supply blocks, unpowered buildings, or Contaminate may cause inaccurate times.
  • Supply counts are checked every 10 seconds.